 Dungeon Crawl Stone Soup version 0.28.0-53-g5a82cb258f (webtiles) character file.

Game seed: 17523215821919193586

67 Plasmagod the Covered (level 3, -1/33 HPs)
             Began as a Minotaur Fighter on July 28, 2022.
             Slain by an orc priest
             ... wielding a +0 flail
              (3 damage)
             ... on level 3 of the Dungeon.
             The game lasted 00:02:05 (1951 turns).

Plasmagod the Covered (Minotaur Fighter)            Turns: 1951, Time: 00:02:06

Health: -1/33      AC:  7    Str: 20    XL:     3   Next: 98%
Magic:  2/2        EV:  9    Int:  5    God:
Gold:   120        SH:  4    Dex: 11    Spells: 2/2 levels left

rFire   . . .      SeeInvis .   a - +0 long sword
rCold   . . .      Faith    .   c - +0 buckler
rNeg    . . .      Spirit   .   b - +0 scale mail
rPois   .          Reflect  .   (helmet restricted)
rElec   .          Harm     .   (no cloak)
rCorr   .          Rampage  .   (no gloves)
Will    +....                   (no boots)
Stlth   ..........              (no amulet)
HPRegen 0.11/turn               h - ring of willpower
MPRegen 0.08/turn               (no ring)

@: no status effects
A: horns 2, retaliatory headbutt
a: no special abilities


You were on level 3 of the Dungeon.
You visited 1 branch of the dungeon, and saw 3 of its levels.

You collected 120 gold pieces.

Inventory:

Hand Weapons
 a - a +0 long sword (weapon)
Armour
 b - a +0 scale mail (worn)
 c - a +0 buckler (worn)
Jewellery
 e - a ring of fire
 h - a ring of willpower (left hand)
 l - an amulet of faith
Scrolls
 f - a scroll of identify {unknown}
 g - a scroll of teleportation {unknown}
 i - a scroll of torment {unknown}
 j - 2 scrolls of magic mapping {unknown}
 k - a scroll of enchant armour {unknown}
 o - a scroll of vulnerability {unknown}
 q - a scroll of fog {unknown}
Potions
 d - 2 potions of might
 m - a potion of flight {unknown}
 n - a potion of brilliance {unknown}
 p - a potion of attraction {unknown}
 r - a potion of curing {unknown}


   Skills:
 + Level 4.1 Fighting
 + Level 3.2 Long Blades
 + Level 4.4 Armour
 + Level 1.0 Dodging
 + Level 0.2 Stealth
 + Level 4.0 Shields


You had 2 spell levels left.
You didn't know any spells.
Your spell library contained the following spells:

 Spells                   Type           Power      Damage    Failure   Level
 Ensorcelled Hibernation  Hex/Ice        0%         N/A       96%         2
 Scorch                   Fire           0%         2d5       96%         2
 Spider Form              Tmut/Pois      0%         N/A       99%         3
 Anguish                  Hex/Necr       0%         N/A       100%        4
 Flame Wave               Conj/Fire      0%         2d4       100%        4
 Summon Cactus Giant      Summ           0%         N/A       100%        6


Dungeon Overview and Level Annotations

Branches:
Dungeon (3/15)

Altars:

Shops:
D:2 (


Innate Abilities, Weirdness & Mutations

You have a pair of horns on your head.
You reflexively headbutt those who attack you in melee.


Message History

A goblin comes into view. It is wielding a +0 club.
An orc comes into view. It is wielding a +4 whip.
The goblin shouts!
An endoplasm comes into view.
Found a scroll labelled JUFOJUM ZUNN.
The orc priest hits you with a +0 flail.
You hit the orc priest.
The orc priest is lightly wounded.
The orc priest closely misses you.
You barely miss the orc priest.
The orc priest is lightly wounded.
The orc priest hits you with a +0 flail.
You barely miss the orc. You headbutt the orc!
You kill the orc!
The orc priest invokes the aid of Beogh against you.
Beogh smites you!
You slash the orc!
You kill the orc!
The orc priest invokes the aid of Beogh against you.
Beogh smites you!
* * * LOW HITPOINT WARNING * * *
Your Dodging skill increases to level 1!
You are too injured to fight recklessly!
You are too injured to fight recklessly!
You closely miss the goblin. You headbutt the goblin.
You kill the goblin!
The orc priest hits you but does no damage.
You hit the orc priest but do no damage.
Your headbutt misses the orc priest.
The orc priest is lightly wounded.
The orc priest hits you with a +0 flail!
* * * LOW HITPOINT WARNING * * *
You closely miss the orc priest. Your headbutt misses the orc priest.
The orc priest is lightly wounded.
You block the orc priest's attack.
You hit the orc priest but do no damage.
You headbutt the orc priest.
The orc priest is lightly wounded.
The orc priest hits you with a +0 flail.
You die...

..############..
.......<........
#.####.........#
#.†)..#### ##
#.....# ..#
###.### ...# #.#
?....
#.#######oo....
#......@ogJ....
###########...#
#


You could see an orc priest, 2 orcs, an endoplasm and a goblin.

Vanquished Creatures
  An adder (D:2)
  2 dart slugs
  2 orcs (D:3)
  4 endoplasms
  A giant cockroach (D:1)
  6 goblins
  6 hobgoblins
  A jackal (D:1)
  5 kobolds
  2 quokkas
  3 ball pythons
  5 bats
  4 frilled lizards
  6 rats
48 creatures vanquished.

Notes
Turn   | Place    | Note
-------+----------+-------------------------------------------
     0 | D:1      | Plasmagod the Minotaur Fighter began the quest for the Orb.
     0 | D:1      | Reached XP level 1. HP: 19/19 MP: 0/0
   216 | D:1      | Reached XP level 2. HP: 27/27 MP: 1/1
  1264 | D:2      | Reached XP level 3. HP: 33/33 MP: 2/2
  1270 | D:2      | Found Tiycvuta's Antique Weapon Boutique.
  1948 | D:3      | Reached skill level 1 in Dodging
  1951 | D:3      | Slain by an orc priest

Illustrated notes

Levels and vault maps discovered:
D:1:      amcnicky_arrival_abandoned_market, layout_basic, chequers_garden,
          minmay_heptomino_w4
D:2:      layout_basic, serial_shops, nicolae_shop_waterfront, st_stairs_11
D:3:      layout_loops_ring, mainiacjoe_overflow_two_lobes,
          shapermc_ecumenical_altar_totnotflames

Skill      XL: |  1  2  3 |
---------------+----------+-----
Armour         | 4 |  4.4
Fighting       | 4 |  4.1
Shields        | 4 |  4.0
Long Blades    | 3 |  3.2
Dodging        | 1 |  1.0
Stealth        | |  0.2

Action                   || total
-------------------------++-------
Melee: Long sword        ||   110
       Headbutt          ||     9
Armor: Scale mail        ||    43
Dodge: Dodged            ||    54
Block: Buckler           ||    17
